 Dungeon Crawl Stone Soup version 0.29-a0-275-g389c0b56f3 (webtiles) character file.

Game seed: 8328560717672815783

275 siradein the Grave Robber (level 6, -8/51 HPs)
             Began as a Ghoul Necromancer on Mar 11, 2022.
             Killed by divine providence
             ... invoked by an orc priest
              (14 damage)
             ... on level 2 of the Dungeon.
             The game lasted 00:05:48 (1912 turns).

siradein the Grave Robber (Ghoul Necromancer)       Turns: 1912, Time: 00:05:48

Health: -8/51      AC:  8    Str: 12    XL:     6   Next: 24%
Magic:  9/9        EV: 12    Int: 12    God:
Gold:   48         SH:  0    Dex:  9    Spells: 3/11 levels left

rFire   . . .      SeeInvis .   d - +2 dagger (venom)
rCold   + . .      Faith    .   (no shield)
rNeg    + + +      Spirit   .   a - +0 robe
rPois   ∞          Reflect  .   n - +2 hat
rElec   .          Harm     .   (no cloak)
rCorr   .          Rampage  .   (no gloves)
Will    .....                   (no boots)
Stlth   +.........              (no amulet)
HPRegen 0.00/turn               g - +4 ring of protection
MPRegen 0.11/turn               (no ring)

@: confused, inhibited regen
A: claws 1, cold resistance 1, negative energy resistance 3, inhibited
regeneration, torment resistance 2
a: no special abilities


You were on level 2 of the Dungeon.
You visited 1 branch of the dungeon, and saw 2 of its levels.

You collected 48 gold pieces.

Inventory:

Hand Weapons
 c - a +0 rapier
 d - a +2 dagger of venom (weapon)
Armour
 a - a +0 robe (worn)
 n - a +2 hat (worn)
Jewellery
 g - a +4 ring of protection (left claw)
Scrolls
 f - 2 scrolls of holy word {unknown}
 i - a scroll of identify {unknown}
 j - a scroll of immolation {unknown}
 k - a scroll of noise {unknown}
Potions
 b - a potion of magic
 h - a potion of degeneration {unknown}
 m - a potion of attraction {unknown}


   Skills:
 + Level 3.0 Fighting
 + Level 3.2 Dodging
 - Level 2.1 Stealth
 + Level 3.0 Spellcasting
 + Level 5.0 Necromancy


You had 3 spell levels left.
You knew the following spells:

 Your Spells              Type           Power      Damage    Failure   Level
a - Pain                  Necr           52%        1d6       3%          1
b - Vampiric Draining     Necr           13%        2d6       10%         3
c - Animate Dead          Necr           6%         N/A       30%         4

Your spell library contained the following spells:

 Spells                   Type           Power      Damage    Failure   Level
 Animate Skeleton         Necr           26%        N/A       3%          1
 Sting                    Tmut/Pois      4%         1d3       24%         1
 Blink                    Tloc           2%         N/A       36%         2
 Poisonous Vapours        Pois/Air       2%         N/A       36%         2
 Lesser Beckoning         Tloc           1%         N/A       58%         3
 Agony                    Necr           13%        N/A       65%         5
 Olgreb's Toxic Radiance  Pois           1%         N/A       94%         4
 Freezing Cloud           Conj/Ice/Air   0%         6-21      100%        5
 Manifold Assault         Tloc           1%         N/A       100%        5
 Simulacrum               Ice/Necr       3%         N/A       100%        6
 Polar Vortex             Ice            0%         N/A       100%        9


Dungeon Overview and Level Annotations

Branches:
Dungeon (2/15)

Altars:

Shops:
D:1 =


Innate Abilities, Weirdness & Mutations

You thrive by killing the living.
You are immune to poison.
You have sharp fingernails.
Your flesh is cold resistant. (rC+)
You are immune to negative energy. (rN+++)
You do not regenerate when monsters are visible.
You are immune to unholy pain and torment.


Message History

The gnoll hits you from afar with a +0 spear.
You are too injured to fight recklessly!
You are too injured to fight recklessly!
You are too injured to fight recklessly!
You are too injured to fight recklessly!
You hit the gnoll.
The gnoll is poisoned.
The gnoll is moderately wounded.
The gnoll hits you but does no damage. The gnoll hits you with a +0 club.
* * * LOW HITPOINT WARNING * * *
You completely miss the gnoll.
The gnoll is moderately wounded.
The gnoll hits you but does no damage. The gnoll hits you with a +0 club.
* * * LOW HITPOINT WARNING * * *
You hit the gnoll.
The gnoll looks as sick as possible!
The gnoll is heavily wounded.
The gnoll hits you from afar with a +0 spear.
* * * LOW HITPOINT WARNING * * *
The gnoll misses you. The gnoll attacks as you move away!
The gnoll hits you but does no damage.
You kill the gnoll!
The gnoll completely misses you. The gnoll misses you.
An orc comes into view. It is wielding a +0 dagger.
The orc wizard shouts!
You hear a shout!
The orc wizard casts a spell at you.
You are confused.
You hear a shout!
You're too confused to move!
The gnoll hits you but does no damage.
An orc priest comes into view. It is wielding a +0 hand axe.
The gnoll barely misses you.
The orc wizard gestures at you while chanting.
You are more confused.
The gnoll barely misses you.
The orc priest miscasts a cantrip.
It was a potion of berserk rage.
You feel slightly irritated. The gnoll closely misses you.
The orc priest invokes the aid of Beogh against you.
Beogh smites you!
You die...

######.######.........# #
#......o..# #.........#
#.........###.........#
#.....................#####
#.........###.)............
#..........................
#.........oo....###........
######.#.##.)...# #########
#......@g#.######
#...####........#
..###.....).).>.....#
........####........#
........# #........#
........# #........#
....g...# ##########
........# .....g..#


You could see an orc priest, an orc wizard, a gnoll and an orc.

Vanquished Creatures
  Sigmund (D:2)
  6 gnolls (D:2)
  3 adders (D:2)
  An orc (D:2)
  4 ball pythons
  4 endoplasms
  A giant cockroach (D:1)
  A goblin (D:1)
  6 hobgoblins
  4 bats
  A kobold (D:2)
  A rat (D:1)
33 creatures vanquished.

Notes
Turn   | Place    | Note
-------+----------+-------------------------------------------
     0 | D:1      | siradein the Ghoul Necromancer began the quest for the Orb.
     0 | D:1      | Reached XP level 1. HP: 14/14 MP: 2/2
   198 | D:1      | Reached XP level 2. HP: 22/22 MP: 3/3
   433 | D:1      | Found a faded altar of an unknown god.
   781 | D:1      | Found Ciuro's Jewellery Emporium.
  1158 | D:2      | Reached skill level 1 in Fighting
  1230 | D:2      | Reached XP level 3. HP: 28/28 MP: 5/5
  1245 | D:2      | Learned a level 3 spell: Vampiric Draining
  1393 | D:2      | Noticed Sigmund
  1504 | D:2      | Killed Sigmund
  1505 | D:2      | Reached XP level 4. HP: 16/37 MP: 5/7
  1505 | D:2      | Reached XP level 5. HP: 18/42 MP: 5/8
  1675 | D:1      | Learned a level 4 spell: Animate Dead
  1830 | D:2      | Reached XP level 6. HP: 46/50 MP: 9/9
  1888 | D:2      | Reached skill level 5 in Necromancy
  1912 | D:2      | Killed from afar by an orc priest

Illustrated notes

Levels and vault maps discovered:
D:1:      lemuel_arrival_funnel, layout_basic,
          shapermc_ecumenical_altar_mp_vishouse, serial_shops, shop_fountains
D:2:      layout_basic, minivault_23, uniq_sigmund

Skill      XL: |  1  2  3  4  5  6 |
---------------+-------------------+-----
Dodging        | 2 3 |  3.2
Spellcasting   | 2 3 |  3.0
Fighting       | 1 2 3 |  3.0
Necromancy     | 5 |  5.0
Stealth        | |  2.1

Action                   |  1- 3 |  4- 6 || total
-------------------------+-------+-------++-------
Melee: Unarmed           |    13 |       ||    13
       Dagger            |    52 |    50 ||   102
       Rapier            |     2 |       ||     2
  Use: Potion            |       |     1 ||     1
 Stab: Sleeping          |     1 |       ||     1
Armor: Robe              |    28 |    17 ||    45
Dodge: Dodged            |    33 |    41 ||    74

Table legend: (Time is in decaauts)
 A = Elapsed time spent in this place.
 B = Non-inter-level travel time spent in this place.
 C = Inter-level travel time spent in this place.
 D = Time resting spent in this place.
 E = Time spent auto-exploring this place.
 F = Levels seen in this place.
 G = Mean time per level.
                   A        B        C        D        E       F      G
               +--------+--------+--------+--------+--------+-----+--------+
         Total |   1911 |   1765 |    146 |    236 |   1175 |   2 |  955.5 |
       Dungeon |   1911 |   1765 |    146 |    236 |   1175 |   2 |  955.5 |
               +--------+--------+--------+--------+--------+-----+--------+

Top non-repeatable levels by time:
     D:1: 1316 daAuts
     D:2: 595 daAuts
